 Dungeon Crawl Stone Soup version 0.18.1-48-g4cf74bf (webtiles) character file.

8719 Pronikatel the Fighter (level 11, -13/101 HPs)
             Began as a Minotaur Fighter on July 5, 2016.
             Was an Elder of Nemelex Xobeh.
             Mangled by an ettin
             ... wielding a +0 dire flail
              (32 damage)
             ... on level 1 of the Orcish Mines.
             The game lasted 01:27:51 (9791 turns).

Pronikatel the Fighter (Minotaur Fighter)           Turns: 9791, Time: 01:27:56

Health: -13/101    AC: 21    Str: 28    XL:     11   Next: 13%
Magic:  14/14      EV:  6    Int:  5    God:    Nemelex Xobeh [****..]
Gold:   658        SH: 13    Dex: 14    Spells: 1 memorised, 9 levels left

rFire  . . .     SeeInvis .     v - +1 war axe (flame)
rCold  . . .     Gourm    .     H - +1 plate armour
rNeg   . . .     Faith    .     R - +0 shield {AC+3}
rPois  .         Spirit   .     (helmet restricted)
rElec  .         Dismiss  .     (no cloak)
rCorr  .         Reflect  .     q - +0 pair of gloves
SustAt .         Harm     .     y - +0 pair of boots
MR     .....                    i - amulet of regeneration
Stlth  ..........               L - +4 ring of strength
                                m - +4 ring of dexterity

@: not resistant to hostile enchantments, extremely unstealthy
A: retaliatory headbutt, horns 2
a: Triple Draw, Deal Four, Renounce Religion


You were on level 1 of the Orcish Mines.
You worshipped Nemelex Xobeh.
Nemelex Xobeh was greatly pleased with you.
You were full.

You visited 2 branches of the dungeon, and saw 11 of its levels.

You collected 793 gold pieces.
You spent 135 gold pieces at shops.

Inventory:

Hand Weapons
 a - a +0 war axe
 n - a +1 battleaxe of electrocution
 v - a +1 war axe of flaming (weapon)
Missiles
 w - 11 tomahawks (quivered)
 Q - 2 poisoned tomahawks
Armour
 b - a +0 scale mail
 c - a +0 shield
 q - a +0 pair of gloves (worn)
 y - a +0 pair of boots (worn)
 H - a +1 plate armour (worn)
 R - a +0 shield of protection (worn)
Jewellery
 e - an uncursed ring of loudness
 i - an amulet of regeneration (around neck)
 m - a +4 ring of dexterity (left hand)
 G - an uncursed ring of see invisible
 I - an uncursed ring of ice {unknown}
 L - a +4 ring of strength (right hand)
Wands
 l - a wand of iceblast (13/15)
 F - a wand of polymorph (11/24)
 S - a wand of acid (6/15)
 X - a wand of flame (16/48)
Scrolls
 p - 4 scrolls of remove curse
 r - 4 scrolls of teleportation
 s - 3 scrolls of blinking
 A - a scroll of identify
 C - a scroll of enchant weapon
 J - a scroll of noise
 V - a scroll of immolation {unknown}
Potions
 g - a potion of magic
 h - 4 potions of curing
 z - 2 potions of agility
 D - a potion of invisibility
 K - a potion of brilliance
 M - a potion of heal wounds
 U - a potion of cure mutation {unknown}
Books
 O - a book of Unlife

   Spells                             Type                      Level
   a - Recall                         Summoning/Translocation      3
   b - Animate Dead                   Necromancy                   4
   c - Control Undead                 Necromancy                   4
   d - Cigotuvi's Embrace             Necromancy                   5
   e - Death Channel                  Necromancy                   6
   f - Simulacrum                     Ice/Necromancy               6
 P - a book of Geomancy

   Spells                             Type                      Level
   a - Sandblast                      Earth                        1
   b - Passwall                       Transmutation/Earth          2
   c - Stone Arrow                    Conjuration/Earth            3
   d - Petrify                        Transmutation/Earth          4
   e - Lee's Rapid Deconstruction     Earth                        5
 W - a book of Summonings

   Spells                             Type                      Level
   a - Recall                         Summoning/Translocation      3
   b - Aura of Abjuration             Summoning                    5
   c - Summon Demon                   Summoning                    5
   d - Summon Forest                  Summoning/Translocation      5
   e - Summon Mana Viper              Hexes/Summoning              5
   f - Shadow Creatures               Summoning                    6
Miscellaneous
 d - an ornate deck of destruction {drawn: 5}
 o - a plain deck of war {drawn: 2}
 t - an ornate deck of destruction {drawn: 4}
 u - an ornate deck of destruction
 x - a plain deck of war {drawn: 1}
 B - a legendary deck of destruction {drawn: 4}
 N - a plain deck of escape
Comestibles
 f - a bread ration
 j - a slice of pizza
 k - 3 meat rations
 E - 3 beef jerkies
 T - 6 chunks of flesh


   Skills:
 * Level 10.6 Fighting
 + Level 10.4 Axes
 + Level 0.2 Throwing
 + Level 9.5 Armour
 - Level 1.0 Stealth
 + Level 10.1 Shields
 + Level 0.1 Earth Magic
 * Level 5.7 Evocations


You had 9 spell levels left.
You knew the following spells:

 Your Spells              Type           Power        Failure   Level  Hunger
a - Sandblast             Erth           #.....       100%        1    ##.....


Dungeon Overview and Level Annotations

Branches:
Dungeon (10/15)            Temple (0/1) D:4            Lair (0/8) D:10
    Orc (1/2) D:10

Altars:
Ashenzari
Cheibriados
Dithmenos
Elyvilon
Nemelex Xobeh
Ru
Vehumet
Xom
The Shining One

Shops:
D:7 *   D:8 !   D:9 !


Innate Abilities, Weirdness & Mutations

You reflexively headbutt those who attack you in melee.
You have a pair of horns on your head.


Message History

an orc corpse x3
There is a staircase back to the Dungeon here.
You see here an orc corpse.
You now have 658 gold pieces (gained 16).
An ettin comes into view. It is wielding two dire flails.
The ettin shouts in stereo!
You see here an orc corpse.
Things that are here:
a great mace; an orc corpse You hit the ettin.
You burn the ettin. You headbutt the ettin.
The ettin is lightly wounded.
The ettin hits you with a dire flail!!! The ettin hits you with a dire flail!!
* * * LOW HITPOINT WARNING * * *
You hit the ettin but do no damage.
The ettin is lightly wounded.
The ettin hits you with a dire flail.
* * * LOW HITPOINT WARNING * * *
The ettin hits you with a dire flail!!
You die...
Your body glows with a rainbow of weird colours and disappears.

##.##....#....
#.........#...
#............
#.)..........
####)#.........
##.#.#))..).....
#...()).........
##.........
#...†)@))........
##....)...........
#.....[...........
##................
##...).[.......#.
#......#.....#.#
##..#..##.......
###...# .... #.##


You could see an ettin.

Vanquished Creatures
  An elephant (D:10)
  A centaur zombie (D:10)
  2 gargoyles (D:10)
  2 centaur skeletons (D:10)
  A yaktaur (Orc:1)
  A two-headed ogre (D:8)
  Grinder (D:3)
  Sigmund (D:5)
  11 yaks
  A hippogriff (D:7)
  A hungry ghost (D:7)
  A swamp drake (D:7)
  Purgy (D:4)
  2 ice beasts (D:8)
  4 orc warriors
  A phantom (D:10)
  2 wolves (D:8)
  4 centaurs
  4 ogres
  A big kobold (D:10)
  3 giant frogs
  3 scorpions
  10 wights
  2 howler monkeys
  7 crimson imps
  3 orc priests
  Crazy Yiuf (D:3)
  5 hounds
  2 jellies
  8 orc wizards
  2 giant frog skeletons
  A hell rat (D:5)
  Natasha (twice) (D:3)
  3 iguanas
  6 worker ants
  A sheep (Orc:1)
  A giant frog simulacrum (D:8)
  A hound zombie (D:7)
  A hound skeleton (D:7)
  A worker ant zombie (D:4)
  Robin (D:4)
  11 adders
  10 gnolls
  2 shadow imps (D:5)
  A white imp (D:8)
  An ufetubus (D:8)
  3 oozes
  An adder zombie (D:5)
  An adder skeleton (D:8)
  3 worms
  6 dart slugs
  9 giant geckos
  54 orcs
  A ball python (D:6)
  7 giant cockroaches
  20 goblins
  8 hobgoblins
  A jackal (Orc:1)
  6 quokkas
  12 bats
  A giant gecko simulacrum (D:8)
  A giant gecko skeleton (D:7)
  A giant gecko zombie (D:6)
  3 giant newts
  13 kobolds
  9 rats
  4 fungi (D:3)
296 creatures vanquished.

Vanquished Creatures (collateral kills)
  A vampire bat (D:6)
  2 crimson imps (D:6)
  A giant frog zombie (D:6)
  An orc priest (D:6)
  An orc (D:6)
  3 bats (D:6)
9 creatures vanquished.

Vanquished Creatures (others)
  A quokka (D:8)
1 creature vanquished.

Grand Total: 306 creatures vanquished

Notes
Turn   | Place    | Note
--------------------------------------------------------------
     0 | D:1      | Pronikatel the Minotaur Fighter began the quest for the Orb.
     0 | D:1      | Reached XP level 1. HP: 19/19 MP: 0/0
    96 | D:1      | Found a shattered altar of Ashenzari.
   183 | D:1      | Reached XP level 2. HP: 26/27 MP: 1/1
   765 | D:2      | Reached XP level 3. HP: 33/33 MP: 2/2
   770 | D:2      | Found a sparkling altar of Nemelex Xobeh.
   783 | D:2      | Became a worshipper of Nemelex Xobeh the Trickster
  1112 | D:2      | Found a glowing golden altar of the Shining One.
  1112 | D:2      | Found a shattered altar of Ashenzari.
  1115 | D:2      | Found a sacrificial altar of Ru.
  1160 | D:2      | Reached XP level 4. HP: 38/40 MP: 3/3
  1269 | D:2      | Received a gift from Nemelex Xobeh
  1551 | D:2      | Found a radiant altar of Vehumet.
  2402 | D:3      | Noticed Natasha
  2407 | D:3      | Killed Natasha
  2407 | D:3      | Reached XP level 5. HP: 47/47 MP: 4/4
  2454 | D:3      | Noticed Grinder
  2454 | D:3      | Paralysed by Grinder for 4 turns
  2473 | D:3      | Killed Grinder
  2473 | D:3      | Reached skill level 5 in Fighting
  2473 | D:3      | Reached skill level 5 in Armour
  2473 | D:3      | Reached skill level 5 in Shields
  2473 | D:3      | Reached XP level 6. HP: 19/56 MP: 5/5
  2718 | D:3      | Reached skill level 1 in Stealth
  2810 | D:3      | Reached * piety under Nemelex Xobeh
  2934 | D:3      | Noticed Crazy Yiuf
  2946 | D:3      | Killed Crazy Yiuf
  3042 | D:3      | Found a shadowy altar of Dithmenos.
  3056 | D:3      | Noticed Natasha
  3065 | D:3      | Killed Natasha
  3359 | D:4      | Reached skill level 5 in Axes
  3395 | D:4      | Noticed Purgy
  3404 | D:4      | Killed Purgy
  3404 | D:4      | Reached XP level 7. HP: 55/61 MP: 6/6
  3826 | D:4      | Received a gift from Nemelex Xobeh
  3826 | D:4      | Noticed Robin
  3830 | D:4      | Killed Robin
  4074 | D:4      | Found a staircase to the Ecumenical Temple.
  4187 | D:5      | Entered Level 5 of the Dungeon
  4223 | D:5      | Reached ** piety under Nemelex Xobeh
  4228 | D:5      | Received a gift from Nemelex Xobeh
  4406 | D:5      | Found a shattered altar of Ashenzari.
  4451 | D:5      | Reached XP level 8. HP: 70/70 MP: 7/7
  4571 | D:5      | Noticed Sigmund
  4580 | D:5      | Killed Sigmund
  4580 | D:5      | Reached skill level 1 in Evocations
  4710 | D:5      | Received a gift from Nemelex Xobeh
  5073 | D:6      | Found a snail-covered altar of Cheibriados.
  5531 | D:6      | Received a gift from Nemelex Xobeh
  6036 | D:7      | Found Joerenam's Assorted Antiques.
  6066 | D:7      | Reached *** piety under Nemelex Xobeh
  6109 | D:7      | Reached XP level 9. HP: 78/79 MP: 8/10
  6160 | D:7      | Bought a thick cameo amulet for 135 gold pieces
  6340 | D:7      | Received a gift from Nemelex Xobeh
  6851 | D:8      | Found Mudumn's Distillery.
  7556 | D:8      | Received a gift from Nemelex Xobeh
  7718 | D:8      | Reached XP level 10. HP: 74/90 MP: 12/12
  7729 | D:8      | Found a white marble altar of Elyvilon.
  8065 | D:9      | Found Dalurgh's Distillery.
  8194 | D:9      | Found a shimmering altar of Xom.
  8344 | D:9      | Received a gift from Nemelex Xobeh
  8558 | D:9      | Learned a level 1 spell: Sandblast
  8568 | D:9      | Reached **** piety under Nemelex Xobeh
  8725 | D:10     | Entered Level 10 of the Dungeon
  8774 | D:10     | Learned a level 3 spell: Recall
  8802 | D:10     | Noticed a gargoyle
  8821 | D:10     | Killed a gargoyle
  8894 | D:10     | Found a shimmering altar of Xom.
  9011 | D:10     | Noticed a gargoyle
  9025 | D:10     | Killed a gargoyle
  9025 | D:10     | Reached skill level 5 in Evocations
  9170 | D:10     | Noticed Urug
  9173 | D:10     | Noticed Urug
  9173 | D:10     | Urug changed into Urug the elephant
  9180 | D:10     | Killed Urug the elephant
  9300 | D:10     | Found a staircase to the Orcish Mines.
  9364 | D:10     | Reached skill level 10 in Fighting
  9364 | D:10     | Reached skill level 10 in Axes
  9379 | D:10     | Reached skill level 10 in Shields
  9539 | D:10     | Found a staircase to the Lair.
  9542 | D:10     | Reached XP level 11. HP: 100/100 MP: 14/14
  9725 | Orc:1    | Entered Level 1 of the Orcish Mines
  9725 | Orc:1    | Noticed an orc knight
  9728 | Orc:1    | an orc knight changed into a yaktaur
  9785 | Orc:1    | Noticed an ettin
  9791 | Orc:1    | Mangled by an ettin

Skill      XL: |  1  2  3  4  5  6  7  8  9 10 |
---------------+-------------------------------+-----
Fighting       | 4 5 6 7 8 10 | 10.6
Shields        | 4 5 6 7 9 10 | 10.1
Armour         | 4 5 6 8 9 |  9.5
Axes           | 3 4 5 7 8 9 10 | 10.4
Stealth        | 1 |  1.0
Evocations     | 2 4 5 |  5.7
Throwing       | |  0.2
Earth Magic    | |  0.1

Action                   |  1- 3 |  4- 6 |  7- 9 | 10-12 || total
-------------------------+-------+-------+-------+-------++-------
Melee: War axe           |    99 |   126 |   282 |   189 ||   696
       Headbutt          |     7 |    24 |    66 |    58 ||   155
Throw: Tomahawk          |       |       |     1 |       ||     1
Invok: Triple Draw       |       |       |     1 |       ||     1
Evoke: Deck              |       |     2 |    11 |     7 ||    20
  Use: Potion            |     2 |     5 |    10 |       ||    17
       Scroll            |       |     6 |     4 |     2 ||    12
  Eat: Chunk             |     1 |     1 |     2 |       ||     4
       Bread ration      |       |     2 |     4 |     1 ||     7
       Meat ration       |       |       |       |     1 ||     1
       Pizza             |       |       |       |     1 ||     1
Armor: Scale mail        |    57 |    48 |    98 |       ||   203
       Plate armour      |       |       |    49 |    82 ||   131
Dodge: Dodged            |    40 |    45 |    86 |    34 ||   205
Block: Shield            |    59 |    71 |   210 |   116 ||   456
